| TOP OF THE 1ST |
|
California Angels batting - Pitching for Detroit Tigers : LHP Mike Maitland
|
|
Pitching: LHP Mike Maitland
|
|
|
Batting: RHB Carlos Pimentel
|
0-0: Called Strike 0-1: Fly out, F7 (Line Drive, 7D, EV 96.3 MPH)
|
|
Batting: RHB Charlie Moore
|
0-0: Ball 1-0: Ball 2-0: Ball 3-0: Called Strike 3-1: Ground out 1-3 (Groundball, 13S, EV 68.1 MPH)
|
|
Batting: SHB Jon Hernandez
|
0-0: Called Strike 0-1: Foul Ball, location: 2F 0-2: Foul Ball, location: 2F 0-2: Ball 1-2: Ball 2-2: Ball 3-2: Fly out, F1 (Line Drive, P, EV 72.5 MPH)
|
| Top of the 1st over - 0 runs, 0 hits, 0 errors, 0 left on base; California 0 - Detroit 0 |
| BOTTOM OF THE 1ST |
|
Detroit Tigers batting - Pitching for California Angels : LHP Ray Fontenot
|
|
Pitching: LHP Ray Fontenot
|
|
|
Batting: SHB Lee Mazzilli
|
0-0: Ball 1-0: Ball 2-0: Ball 3-0: Base on Balls
|
|
Batting: RHB Rusty Tillman
|
0-0: Ball 1-0: Called Strike 1-1: Called Strike 1-2: Ball 2-2: DOUBLE (Line Drive, 78D, EV 103.8 MPH) Lee Mazzilli to third
|
|
Batting: SHB Tony Phillips
|
0-0: Ball 1-0: Called Strike 1-1: Ball 2-1: Foul Ball, location: 2F 2-2: Strikes out swinging
|
|
Batting: LHB Greg Brock
|
0-0: Called Strike 0-1: Ball 1-1: Foul Ball, location: 2F 1-2: Ball 2-2: Ball 3-2: Base on Balls
|
|
Batting: RHB Keith Moreland
|
0-0: Ball 1-0: Ground out 6-3 (Groundball, P, EV 85.0 MPH) Lee Mazzilli scores Rusty Tillman to third Greg Brock to second
|
|
Batting: RHB Andre Thornton
|
0-0: Ball 1-0: Ball 2-0: Ground out 6-3 (Groundball, 6D, EV 83.8 MPH)
|
| Bottom of the 1st over - 1 run, 1 hit, 0 errors, 2 left on base; California 0 - Detroit 1 |
| TOP OF THE 2ND |
|
California Angels batting - Pitching for Detroit Tigers : LHP Mike Maitland
|
|
Batting: LHB Jason D Thompson
|
0-0: Foul Ball, location: 2F 0-1: Ball 1-1: Ground out 6-3 (Groundball, 6M, EV 85.0 MPH)
|
|
Batting: RHB Jeff Atherton
|
0-0: Ball 1-0: Ball 2-0: Foul Ball, location: 2F 2-1: Ball 3-1: Foul Ball, location: 2F 3-2: Strikes out swinging
|
|
Batting: LHB Brian Rosinski
|
0-0: Ball 1-0: Fly out, F8 (Flyball, 8RS, EV 88.8 MPH)
|
| Top of the 2nd over - 0 runs, 0 hits, 0 errors, 0 left on base; California 0 - Detroit 1 |
| BOTTOM OF THE 2ND |
|
Detroit Tigers batting - Pitching for California Angels : LHP Ray Fontenot
|
|
Batting: LHB Randy S Johnson
|
0-0: Foul Ball, location: 2F 0-1: Foul Ball, location: 2F 0-2: Foul Ball, location: 2F 0-2: Ball 1-2: Ball 2-2: Strikes out swinging
|
|
Batting: RHB Larry Parrish
|
0-0: Ball 1-0: Ball 2-0: Fly out, F7 (Flyball, 7LS, EV 89.4 MPH)
|
|
Batting: RHB Mike Sproles
|
0-0: Foul Ball, location: 2F 0-1: Ball 1-1: Ball 2-1: Foul Ball, location: 2F 2-2: Foul Ball, location: 2F 2-2: Foul Ball, location: 2F 2-2: Ball 3-2: Foul Ball, location: 2F 3-2: Foul Ball, location: 2F 3-2: Foul Ball, location: 2F 3-2: Base on Balls
|
|
Batting: SHB Lee Mazzilli
|
0-0: Ball 1-0: Called Strike 1-1: Ball 2-1: DOUBLE (Line Drive, 78D, EV 112.5 MPH) Mike Sproles to third Runner from 3rd tries for Home, SAFE, throw by LF to home
|
|
Batting: RHB Rusty Tillman
|
0-0: Called Strike 0-1: Ball 1-1: Foul Ball, location: 2F 1-2: Ball 2-2: Ball 3-2: Fly out, F8 (Flyball, 8RM, EV 88.1 MPH)
|
| Bottom of the 2nd over - 1 run, 1 hit, 0 errors, 1 left on base; California 0 - Detroit 2 |
| TOP OF THE 3RD |
|
California Angels batting - Pitching for Detroit Tigers : LHP Mike Maitland
|
|
Batting: LHB John Milner
|
0-0: Called Strike 0-1: Called Strike 0-2: Ball 1-2: Foul Ball, location: 2F 1-2: Ball 2-2: Foul Ball, location: 2F 2-2: Foul Ball, location: 2F 2-2: Foul Ball, location: 2F 2-2: Ground out 4-3 (Groundball, 4, EV 82.5 MPH)
|
|
Batting: RHB Rafael Ramirez
|
0-0: Foul Ball, location: 2F 0-1: Ball 1-1: Foul Ball, location: 2F 1-2: Ground out 1-3 (Groundball, 13S, EV 61.3 MPH)
|
|
Batting: SHB Ignacio Medina
|
0-0: Ball 1-0: Called Strike 1-1: Ball 2-1: Ball 3-1: Foul Ball, location: 2F 3-2: Foul Ball, location: 2F 3-2: Foul Ball, location: 2F 3-2: Foul Ball, location: 2F 3-2: Ground out 5-3 (Groundball, 56, EV 102.5 MPH)
|
| Top of the 3rd over - 0 runs, 0 hits, 0 errors, 0 left on base; California 0 - Detroit 2 |
| BOTTOM OF THE 3RD |
|
Detroit Tigers batting - Pitching for California Angels : LHP Ray Fontenot
|
|
Batting: SHB Tony Phillips
|
0-0: Ball 1-0: Foul Ball, location: 2F 1-1: Foul Ball, location: 2F 1-2: Ball 2-2: Foul Ball, location: 2F 2-2: SINGLE (Groundball, 5S, EV 69.4 MPH) (infield hit)
|
|
Batting: LHB Greg Brock
|
0-0: Ball 1-0: Foul Ball, location: 2F 1-1: Ball 2-1: Foul Ball, location: 2F 2-2: Ball 3-2: Foul Ball, location: 2F 3-2: SINGLE (Groundball, 4D, EV 97.5 MPH) Tony Phillips to second Tony Phillips to third
|
|
Batting: RHB Keith Moreland
|
0-0: Ball 1-0: DOUBLE (Line Drive, 9LM, EV 97.5 MPH) Tony Phillips scores Greg Brock to third Runner from 3rd tries for Home, SAFE, no throw by RF
|
|
Batting: RHB Andre Thornton
|
0-0: Called Strike 0-1: Foul Ball, location: 2F 0-2: Ball 1-2: Foul Ball, location: 2F 1-2: Ball 2-2: Ball 3-2: Foul Ball, location: 2F 3-2: Base on Balls
|
|
Batting: LHB Randy S Johnson
|
0-0: Ball 1-0: Foul Ball, location: 2F 1-1: Ball 2-1: DOUBLE (Line Drive, 9LD, EV 101.9 MPH) Keith Moreland scores Andre Thornton to third Runner from 3rd tries for Home, SAFE, throw by RF to trailing runner, SAFE at third!
|
|
Pitching: RHP David Smith
|
|
|
Batting: RHB Larry Parrish
|
0-0: 2-RUN HOME RUN (Flyball, 7D, EV 110.6 MPH), Distance : 383 ft
|
|
Batting: RHB Mike Sproles
|
0-0: Called Strike 0-1: Foul Ball, location: 2F 0-2: Foul Ball, location: 2F 0-2: Ground out 6-3 (Groundball, 6D, EV 100.6 MPH)
|
|
Batting: SHB Lee Mazzilli
|
0-0: Swinging Strike 0-1: Ball 1-1: Ball 2-1: Ball 3-1: Foul Ball, location: 2F 3-2: Reached on error, E7 (Flyball, 7S, EV 75.0 MPH)
|
|
Batting: RHB Rusty Tillman
|
0-0: Ball 1-0: Ball 2-0: Ball 3-0: Foul Ball, location: 2F 3-1: Base on Balls Lee Mazzilli to second
|
|
Batting: SHB Tony Phillips
|
0-0: Ball 1-0: Ball 2-0: Foul Ball, location: 2F 2-1: Fly out, F7 (Flyball, 78D, EV 101.3 MPH)
|
|
Batting: LHB Greg Brock
|
0-0: Ball 1-0: Ball 2-0: Swinging Strike 2-1: SINGLE (Groundball, 34D, EV 108.8 MPH) Lee Mazzilli to third Rusty Tillman to second Runner from 3rd tries for Home, SAFE, throw by RF to home
|
|
Batting: RHB Keith Moreland
|
0-0: Called Strike 0-1: Swinging Strike 0-2: Ball 1-2: Ball 2-2: Foul Ball, location: 2F 2-2: Strikes out swinging
|
| Bottom of the 3rd over - 7 runs, 6 hits, 1 error, 2 left on base; California 0 - Detroit 9 |
| TOP OF THE 4TH |
|
California Angels batting - Pitching for Detroit Tigers : LHP Mike Maitland
|
|
Batting: RHB Carlos Pimentel
|
0-0: Foul Ball, location: 2F 0-1: Ball 1-1: Foul Ball, location: 2F 1-2: Ground out 6-3 (Groundball, 56D, EV 82.5 MPH)
|
|
Batting: RHB Charlie Moore
|
0-0: Foul Ball, location: 2F 0-1: Ball 1-1: Ball 2-1: Foul Ball, location: 2F 2-2: SINGLE (Line Drive, 89S, EV 106.3 MPH)
|
|
Batting: SHB Jon Hernandez
|
0-0: Ball 1-0: Ball 2-0: Foul Ball, location: 2F 2-1: Ball 3-1: Fly out, F4 (Flyball, 4D, EV 92.5 MPH)
|
|
Batting: LHB Jason D Thompson
|
0-0: Ball Wild Pitch! Charlie Moore to second 1-0: Called Strike 1-1: Called Strike 1-2: Strikes out swinging
|
| Top of the 4th over - 0 runs, 1 hit, 0 errors, 1 left on base; California 0 - Detroit 9 |
| BOTTOM OF THE 4TH |
|
Detroit Tigers batting - Pitching for California Angels : RHP David Smith
|
|
Batting: RHB Andre Thornton
|
0-0: Called Strike 0-1: Ball 1-1: Ground out 6-3 (Groundball, 56D, EV 85.0 MPH)
|
|
Batting: LHB Randy S Johnson
|
0-0: Ball 1-0: Called Strike 1-1: Ball 2-1: Swinging Strike 2-2: Ball 3-2: Base on Balls
|
|
Batting: RHB Larry Parrish
|
0-0: SINGLE (Flyball, 9LS, EV 88.8 MPH) Randy S Johnson to second
|
|
Batting: RHB Mike Sproles
|
0-0: Called Strike 0-1: Swinging Strike 0-2: Ball 1-2: Grounds into double play, 3-6-3 (Groundball, 34, EV 108.1 MPH)
|
| Bottom of the 4th over - 0 runs, 1 hit, 0 errors, 1 left on base; California 0 - Detroit 9 |
| TOP OF THE 5TH |
|
California Angels batting - Pitching for Detroit Tigers : LHP Mike Maitland
|
|
Pitching: RHP J R Richard
|
|
|
Batting: RHB Jeff Atherton
|
0-0: Fly out, F9 (Flyball, 9LD, EV 95.6 MPH)
|
|
Batting: LHB Brian Rosinski
|
0-0: Ball 1-0: Ball 2-0: Swinging Strike 2-1: Foul Ball, location: 2F 2-2: Ball 3-2: Base on Balls
|
|
Batting: LHB John Milner
|
0-0: Called Strike 0-1: Ball 1-1: Ball 2-1: Called Strike 2-2: Fly out, F9 (Flyball, 9LD, EV 94.4 MPH)
|
|
Batting: RHB Rafael Ramirez
|
0-0: Swinging Strike 0-1: Foul Ball, location: 2F 0-2: Ball 1-2: Strikes out swinging
|
| Top of the 5th over - 0 runs, 0 hits, 0 errors, 1 left on base; California 0 - Detroit 9 |
| BOTTOM OF THE 5TH |
|
Detroit Tigers batting - Pitching for California Angels : RHP David Smith
|
|
Pinch Hitting: RHB Glenn Williams
|
0-0: Ball 1-0: Ball 2-0: Ball 3-0: Called Strike 3-1: Called Strike 3-2: SINGLE (Groundball, 56D, EV 100.0 MPH)
|
|
Pinch Hitting: SHB Raul Gonzalez
|
0-0: Called Strike 0-1: Ball 1-1: Called Strike 1-2: Strikes out looking
|
|
Pinch Hitting: RHB Jose Hidalgo
|
0-0: Ball 1-0: Ball 2-0: Swinging Strike 2-1: Ball 3-1: Swinging Strike 3-2: Base on Balls Glenn Williams to second
|
|
Pinch Hitting: RHB Dave Hostetler
|
0-0: Ball 1-0: Grounds into double play, 6-4-3 (Groundball, 56, EV 96.9 MPH)
|
| Bottom of the 5th over - 0 runs, 1 hit, 0 errors, 1 left on base; California 0 - Detroit 9 |
| TOP OF THE 6TH |
|
California Angels batting - Pitching for Detroit Tigers : RHP J R Richard
|
|
Now at 1B: Dave Hostetler
|
|
|
Now at 2B: Jose Hidalgo
|
|
|
Now in LF: Glenn Williams
|
|
|
Now in CF: Raul Gonzalez
|
|
|
Batting: SHB Ignacio Medina
|
0-0: Ball 1-0: Foul Ball, location: 2F 1-1: Ball 2-1: Foul Ball, location: 2F 2-2: Strikes out swinging
|
|
Batting: RHB Carlos Pimentel
|
0-0: Ground out 4-3 (Groundball, 4S, EV 91.3 MPH)
|
|
Batting: RHB Charlie Moore
|
0-0: Ball 1-0: Ball 2-0: Fly out, F7 (Flyball, 7D, EV 96.9 MPH)
|
| Top of the 6th over - 0 runs, 0 hits, 0 errors, 0 left on base; California 0 - Detroit 9 |
| BOTTOM OF THE 6TH |
|
Detroit Tigers batting - Pitching for California Angels : RHP David Smith
|
|
Batting: RHB Keith Moreland
|
0-0: Swinging Strike 0-1: Ball 1-1: DOUBLE (Line Drive, 9LS, EV 95.6 MPH)
|
|
Pitching: LHP Bob McClure
|
|
|
Batting: RHB Joseph Scherger
|
0-0: Ball 1-0: Swinging Strike 1-1: Ball 2-1: Ball 3-1: Base on Balls
|
|
Pinch Hitting: RHB Rusty Kuntz
|
0-0: Called Strike 0-1: Ball 1-1: Ball 2-1: Foul Ball, location: 2F 2-2: Strikes out swinging
|
|
Pinch Hitting: RHB William Young
|
0-0: Ball 1-0: Fly out, F7 (Line Drive, 7, EV 95.6 MPH)
|
|
Pinch Hitting: RHB Tom Lawless
|
0-0: Ball 1-0: Ball 2-0: Foul Ball, location: 2F 2-1: Swinging Strike 2-2: Foul Ball, location: 2F 2-2: Foul Ball, location: 2F 2-2: Foul Ball, location: 2F 2-2: Fielders Choice at 2nd, 6-4 (Groundball, 6, EV 108.1 MPH)
|
| Bottom of the 6th over - 0 runs, 1 hit, 0 errors, 2 left on base; California 0 - Detroit 9 |
| TOP OF THE 7TH |
|
California Angels batting - Pitching for Detroit Tigers : RHP J R Richard
|
|
Now at 2B: Tom Lawless
|
|
|
Now at 3B: William Young
|
|
|
Now in RF: Rusty Kuntz
|
|
|
Batting: SHB Jon Hernandez
|
0-0: Ball 1-0: Ball 2-0: Ball 3-0: Base on Balls
|
|
Batting: LHB Jason D Thompson
|
0-0: Ball 1-0: Foul Ball, location: 2F 1-1: Foul Ball, location: 2F 1-2: Strikes out swinging
|
|
Batting: RHB Jeff Atherton
|
0-0: Called Strike 0-1: Ball 1-1: Ball 2-1: DOUBLE (Line Drive, 9LS, EV 95.0 MPH) Jon Hernandez to third
|
|
Pitching: RHP Leonardo Gomez
|
|
|
Batting: LHB Brian Rosinski
|
0-0: Ball 1-0: Ball 2-0: Ball 3-0: Base on Balls
|
|
Batting: LHB John Milner
|
0-0: Hit by Pitch Jon Hernandez scores Jeff Atherton to third Brian Rosinski to second
|
|
Batting: RHB Rafael Ramirez
|
0-0: Foul Ball, location: 2F 0-1: Ball 1-1: GRAND SLAM HOME RUN (Line Drive, 7LD, EV 101.9 MPH), Distance : 354 ft
|
|
Pitching: RHP Douglas Mathey
|
|
|
Batting: SHB Ignacio Medina
|
0-0: Called Strike 0-1: Called Strike 0-2: Strikes out swinging
|
|
Batting: RHB Carlos Pimentel
|
0-0: Ball 1-0: Called Strike 1-1: Ball 2-1: Foul Ball, location: 2F 2-2: Ball 3-2: Base on Balls
|
|
Batting: RHB Charlie Moore
|
0-0: Called Strike 0-1: Called Strike 0-2: Ball 1-2: 2-RUN HOME RUN (Flyball, 7D, EV 101.9 MPH), Distance : 380 ft
|
|
Batting: SHB Jon Hernandez
|
0-0: Ball 1-0: Ball 2-0: Ball 3-0: Called Strike 3-1: Base on Balls
|
|
Batting: LHB Jason D Thompson
|
0-0: Ball 1-0: SINGLE (Groundball, 4MS, EV 76.9 MPH) (infield hit) Jon Hernandez to second
|
|
Pinch Hitting: RHB Frank White
|
0-0: Ball 1-0: Called Strike 1-1: Fly out, F7 (Flyball, 7D, EV 96.9 MPH)
|
| Top of the 7th over - 7 runs, 4 hits, 0 errors, 2 left on base; California 7 - Detroit 9 |
| BOTTOM OF THE 7TH |
|
Detroit Tigers batting - Pitching for California Angels : LHP Bob McClure
|
|
Now at 2B: Frank White
|
|
|
Batting: RHB Glenn Williams
|
0-0: Ball 1-0: Called Strike 1-1: Ball 2-1: Foul Ball, location: 2F 2-2: Strikes out looking
|
|
Batting: SHB Raul Gonzalez
|
0-0: Called Strike 0-1: Called Strike 0-2: Strikes out looking
|
|
Batting: RHB Jose Hidalgo
|
0-0: Called Strike 0-1: Foul Ball, location: 2F 0-2: Ball 1-2: Foul Ball, location: 2F 1-2: Fly out, F9 (Line Drive, 9D, EV 90.6 MPH)
|
| Bottom of the 7th over - 0 runs, 0 hits, 0 errors, 0 left on base; California 7 - Detroit 9 |
| TOP OF THE 8TH |
|
California Angels batting - Pitching for Detroit Tigers : RHP Douglas Mathey
|
|
Pinch Hitting: LHB Franklin Lopez
|
0-0: Ball 1-0: Swinging Strike 1-1: Ground out 4-3 (Groundball, 4, EV 80.0 MPH)
|
|
Batting: LHB John Milner
|
0-0: Called Strike 0-1: Foul Ball, location: 2F 0-2: Fly out, F8 (Flyball, 8RXD, EV 98.1 MPH)
|
|
Pinch Hitting: RHB Dave L Stapleton
|
0-0: Fly out, F8 (Flyball, 8LS, EV 91.9 MPH)
|
| Top of the 8th over - 0 runs, 0 hits, 0 errors, 0 left on base; California 7 - Detroit 9 |
| BOTTOM OF THE 8TH |
|
Detroit Tigers batting - Pitching for California Angels : LHP Bob McClure
|
|
Pitching: RHP Jerry Reed
|
|
|
Now at 3B: Dave L Stapleton
|
|
|
Now in RF: Franklin Lopez
|
|
|
Batting: RHB Dave Hostetler
|
0-0: Swinging Strike 0-1: Foul Ball, location: 2F 0-2: Foul Ball, location: 2F 0-2: Strikes out swinging, 2-3 out at first.
|
|
Batting: RHB Keith Moreland
|
0-0: Called Strike 0-1: Fly out, F8 (Flyball, 8LD, EV 90.6 MPH)
|
|
Batting: RHB Joseph Scherger
|
0-0: Foul Ball, location: 2F 0-1: Ground out 6-3 (Groundball, 6, EV 83.8 MPH)
|
| Bottom of the 8th over - 0 runs, 0 hits, 0 errors, 0 left on base; California 7 - Detroit 9 |
| TOP OF THE 9TH |
|
California Angels batting - Pitching for Detroit Tigers : RHP Douglas Mathey
|
|
Batting: SHB Ignacio Medina
|
0-0: Ball 1-0: Fly out, F4 (Line Drive, 4, EV 63.1 MPH)
|
|
Batting: RHB Carlos Pimentel
|
0-0: Ground out 1-3 (Groundball, 13S, EV 62.5 MPH)
|
|
Pinch Hitting: LHB Geno Petralli
|
0-0: Ball 1-0: Foul Ball, location: 2F 1-1: Ball 2-1: DOUBLE (Line Drive, 89D, EV 98.8 MPH)
|
|
Batting: SHB Jon Hernandez
|
0-0: Called Strike 0-1: Foul Ball, location: 2F 0-2: Ball 1-2: Ball 2-2: Ground out 4-3 (Groundball, 4, EV 88.1 MPH)
|
| Top of the 9th over - 0 runs, 1 hit, 0 errors, 1 left on base; California 7 - Detroit 9 |
|